 Dungeon Crawl Stone Soup version 0.20.1-1-g8b1a95d (webtiles) character file.

158 Fauxtato86 the Sneak (level 5, -8/35 HPs)
             Began as a Halfling Assassin on Nov 11, 2017.
             Mangled by an ogre
             ... wielding a +0 giant club
              (21 damage)
             ... on level 4 of the Dungeon.
             The game lasted 00:11:19 (2546 turns).

Fauxtato86 the Sneak (Halfling Assassin)            Turns: 2546, Time: 00:11:20

Health: -8/35      AC:  3    Str: 12    XL:     5   Next: 66%
Magic:  5/5        EV: 15    Int:  9    God:
Gold:   111        SH:  0    Dex: 17    Spells: 4/4 levels left

rFire    . . .     SeeInvis .   a - +3 dagger
rCold    + + .     Gourm    .   (shield restricted)
rNeg     . . .     Faith    .   c - +0 robe
rPois    .         Spirit   .   (no helmet)
rElec    .         Reflect  .   d - +0 cloak
rCorr    .         Harm     .   (no gloves)
MR       .....                  (no boots)
Stlth    +++.......             (no amulet)
Regen    0.2/turn               i - ring of protection from cold
MPRegen  0.1/turn               v - ring of protection from cold

@: no status effects
A: mutation resistance 1
a: no special abilities


You were on level 4 of the Dungeon.
You were not hungry.

You visited 1 branch of the dungeon, and saw 5 of its levels.

You collected 111 gold pieces.

Inventory:

Hand Weapons
 a - a +3 dagger (weapon)
 b - a +0 blowgun
 h - a +3 short sword
Armour
 c - a +0 robe (worn)
 d - a +0 cloak (worn)
 u - a +0 buckler
Jewellery
 i - a ring of protection from cold (left hand)
 v - a ring of protection from cold (right hand)
Scrolls
 k - a scroll of fog {unknown}
 l - 2 scrolls of teleportation
 n - 2 scrolls of recharging {unknown}
 q - a scroll of noise {unknown}
 w - 2 scrolls of remove curse
 y - a scroll of amnesia {unknown}
Potions
 j - 5 potions of curing
 o - a potion of degeneration
 r - a potion of cancellation
 t - a potion of berserk rage
 x - a potion of might {unknown}
Comestibles
 g - 3 bread rations
 m - 4 fruits
 p - 4 meat rations
 s - a royal jelly


   Skills:
 + Level 2.6 Fighting
 + Level 4.0 Short Blades
 + Level 2.7 Throwing
 + Level 1.9 Dodging
 + Level 5.4 Stealth


You had 4 spell levels left.
You didn't know any spells.

Dungeon Overview and Level Annotations

Branches:
Dungeon (5/15)
 Temple: D:4-7

Altars:


Innate Abilities, Weirdness & Mutations

You are small and have problems with some larger weapons.
You are somewhat resistant to further mutation.


Message History

Press: ? - help, Shift-Dir - straight line, f/p - ogre
Aim: an ogre, wielding a giant club (poisoned)
You shoot a curare-tipped needle.
The curare-tipped needle barely misses the ogre.
The ogre misses you.
Firing (i - inventory):
f - a curare-tipped needle (quivered)
Press: ? - help, Shift-Dir - straight line, f/p - ogre
Aim: an ogre, wielding a giant club (heavily wounded, poisoned)
You shoot a curare-tipped needle. The curare-tipped needle hits the ogre.
The ogre looks even sicker.
The ogre convulses.
The ogre seems to slow down.
The ogre is severely wounded.
Found 7 gold pieces.
a - a +3 dagger (weapon)
You barely miss the ogre.
The ogre is almost dead.
You barely miss the ogre.
The ogre is almost dead.
The ogre hits you with a giant club!!
Ouch! That really hurt!
You die...

###........###.....#
#.# #......(.#
#.....####.#
#(.......#
#....).).o..
#(.......#
#....#..o...
#........#
###.##....o.
#........# #.
#......
#........#####.
#......
#####.O...$....
#######
#.@.........#
#...........# #
#......(....# #
#....>..?...# #
#...........# #
............#### #
................. #
..........<....... #
..#####.###.##. #


You could see an ogre.

Vanquished Creatures
  An orc wizard (D:4)
  An orc priest (D:4)
  3 adders
  An ooze (D:3)
  An adder skeleton (D:4)
  A worm (D:3)
  2 dart slugs (D:1)
  3 leopard geckos
  2 orcs
  A ball python (D:4)
  3 giant cockroaches
  6 goblins
  6 hobgoblins
  4 jackals (D:1)
  4 bats
  5 kobolds
  8 rats
52 creatures vanquished.

Notes
Turn   | Place    | Note
-------+----------+-------------------------------------------
     0 | D:1      | Fauxtato86 the Halfling Assassin began the quest for the Orb.
     0 | D:1      | Reached XP level 1. HP: 14/14 MP: 1/1
   253 | D:1      | Reached XP level 2. HP: 18/19 MP: 2/2
   410 | D:1      | Reached skill level 5 in Stealth
   422 | D:2      | Reached XP level 3. HP: 20/24 MP: 3/3
  1221 | D:2      | Reached XP level 4. HP: 24/29 MP: 4/4
  2436 | D:4      | Reached XP level 5. HP: 32/35 MP: 5/5
  2440 | D:5      | Entered Level 5 of the Dungeon
  2524 | D:4      | Noticed an ogre
  2546 | D:4      | Mangled by an ogre

Skill      XL: |  1  2  3  4  5 |
---------------+----------------+-----
Stealth        | 5 |  5.4
Fighting       | 2 |  2.6
Short Blades   | 3 4 |  4.0
Throwing       | |  2.7
Dodging        | |  1.9

Action                   |  1- 3 |  4- 6 || total
-------------------------+-------+-------++-------
Melee: Dagger            |    77 |    70 ||   147
 Fire: Blowgun           |    10 |    23 ||    33
  Use: Scroll            |     6 |     4 ||    10
 Stab: Sleeping          |     5 |     1 ||     6
  Eat: Chunk             |     1 |     4 ||     5
Armor: Robe              |    12 |     6 ||    18
Dodge: Dodged            |    52 |    38 ||    90
